 Dungeon Crawl Stone Soup version 0.31-a0-1529-g7bd419a0e5 (webtiles) character file.

Game seed: 17685194048483341937

252 voltaire321 the Sneak (level 6, -1/39 HPs)
             Began as an Octopode Earth Elementalist on Dec 31, 2023.
             Killed by divine providence
             ... invoked by Jeremiah
              (9 damage)
             ... on level 6 of the Dungeon.
             The game lasted 00:07:48 (2423 turns).

voltaire321 the Sneak (Octopode Earth Elementalist) Turns: 2423, Time: 00:07:49

Health: -1/39      AC:  1    Str:  7    XL:     6   Next: 13%
Magic:  10/10      EV: 13    Int: 23    God:
Gold:   160        SH:  0    Dex: 12    Spells: 3/10 levels left

rFire   . . .        s - +7 whip of Wrath {drain, Int+3}
rCold   + . .        (no shield)
rNeg    . . .        (helmet restricted)
rPois   .            (no amulet)
rElec   .            p - ring of protection from cold
rCorr   .            (no ring)
SInv    .            (no ring)
Will    .....        (no ring)
Stlth   +++          (no ring)
HPRegen 0.26/turn    (no ring)
MPRegen 0.12/turn    (no ring)
                     (no ring)

%: no passive effects
@: about to teleport
A: almost no armour, amphibious, 8 rings, camouflage 1, gelatinous body 1,
(nimble swimmer 1), tentacles
a: no special abilities


You were on level 6 of the Dungeon.
You visited 1 branch of the dungeon, and saw 4 of its levels.

You collected 160 gold pieces.

Inventory:

Hand Weapons
 s - the +7 whip of Wrath (weapon) {drain, Int+3}
   (You found it on level 3 of the Dungeon)

   Int+3:     It affects your intelligence (+3).
Jewellery
 p - a ring of protection from cold (left tentacle)
Wands
 t - a wand of light (6)
Scrolls
 c - 2 scrolls of revelation {unknown}
 d - 2 scrolls of fear {unknown}
 e - a scroll of amnesia {unknown}
 g - 3 scrolls of identify {unknown}
 h - a scroll of torment {unknown}
 k - 2 scrolls of teleportation
 l - a scroll of butterflies {unknown}
 q - a scroll of blinking {unknown}
 r - 2 scrolls of poison {unknown}
Potions
 a - a potion of magic
 b - a potion of berserk rage {unknown}
 f - 2 potions of curing {unknown}
 i - 2 potions of lignification {unknown}
 j - 2 potions of might {unknown}
 m - a potion of heal wounds {unknown}
 n - a potion of degeneration {unknown}
 o - 2 potions of attraction {unknown}


   Skills:
 + Level 2.0 Fighting
 + Level 3.1 Dodging
 + Level 4.2 Stealth
 + Level 2.8 Spellcasting
 + Level 1.5 Conjurations
 + Level 3.8 Earth Magic
 - Level 2.0 Alchemy


You had 3 spell levels left.
You knew the following spells:

 Your Spells              Type           Power      Damage    Failure   Level
a - Sandblast             Erth           40%        2d10      2%          1
b - Passwall              Erth           20%        N/A       8%          3
c - Stone Arrow           Conj/Erth      30%        3d8       12%         3

Your spell library contained the following spells:

 Spells                   Type           Power      Damage    Failure   Level
 Petrify                  Alch/Erth      16%        N/A       34%         4
 Brom's Barrelling Bould  Conj/Erth      15%        2d4       36%         4
 Conjure Ball Lightning   Conj/Air       3%         3x3d6     100%        6
 Discord                  Hex            1%         N/A       100%        8
 Disjunction              Tloc           1%         N/A       100%        8
 Lehudib's Crystal Spear  Conj/Erth      7%         10d3      100%        8
 Animate Armour           Summ/Erth      Unusable   N/A       N/A         4

Dungeon Overview and Level Annotations

Branches:
Dungeon (3/15)

Altars:
Makhleb
Wu Jian

Shops:
D:1 (::

Annotations:
D:6 2 transporters, Jeremiah; bungle's ghost, amateur GnDe


Innate Abilities, Weirdness & Mutations

You cannot wear most types of armour.
You are amphibious.
You can wear up to eight rings at the same time.
Your skin changes colour to match your surroundings (Stealth+).
Your rubbery body absorbs attacks. (AC +1, EV +1)
((You are camouflaged when in or above water. (Stealth+)))
You have tentacles for arms and can constrict up to eight enemies at once.


Message History

The hound bites you.
You whack the hound! Your grab misses the hound. You squeeze the hound.
You kill the hound!
You now have 160 gold pieces (gained 2).
Magic restored.
t - a wand of light (6)
Found an ornate altar of the Wu Jian Council.
Found an escape hatch in the floor.
Found a stone staircase leading down.
Found a burning altar of Makhleb.
A phantom comes into view.
Aiming: Sandblast (safe; 2% risk of failure)
Press: ? - help, Q - select action, (/) - cycle Shift-Dir - straight line, f - phantom
Aim: a phantom (76% to hit)
The blast of sand hits the phantom but does no damage.
You closely miss the phantom. The phantom completely misses you.
You completely miss the phantom. The phantom closely misses you.
You barely miss the phantom. The phantom hits you.
The phantom blinks!
You blink.
Jeremiah, Barachi Dreamer comes into view.
They are wielding a +3 vampiric trident, wearing a +2 robe of willpower and wearing an orb of energy.
The phantom hits you. The phantom hits you.
The phantom blinks!
You blink.
Found a stone staircase leading down.
The phantom hits you.
Jeremiah shouts!
The phantom attacks as it pursues you! The phantom closely misses you.
Jeremiah shouts, "O dreadful one, destroy my foe!"
Something smites you!
* * * LOW HITPOINT WARNING * * *
Jeremiah hops!
Jeremiah yawns.
The phantom attacks as it pursues you! The phantom barely misses you.
The phantom attacks as it pursues you! The phantom hits you.
* * * LOW HITPOINT WARNING * * *
As you read the scroll labelled ODUBBYO NIUC, it crumbles to dust.
You feel strangely unstable.
It was a scroll of teleportation.
Jeremiah lets out a twisted cry.
Something smites you!
You die...
Jeremiah says, "O terrible one, your will is done."

#...#........#>..
#............##.
#............#
#............#
#...........# ###
#....######.###.#
#....# ##.....# #....#
#......#
######.#####....@.#
#.........##...##W#
#.........##.....b#
..........##......# #
....>......#......# .#.
.#########.#bb....#....
#..≈≈≈≈ #.......b#.##
#.≈§§§. #......F.....
#.≈.§≈≈ #....bb.b#.##


You could see Jeremiah and a phantom.

Vanquished Creatures
  A bullfrog (D:6)
  A scorpion (D:3)
  A hound (D:6)
  4 adders
  A dart slug (D:1)
  A ribbon worm (D:2)
  7 endoplasms
  4 goblins
  10 hobgoblins
  2 jackals (D:2)
  3 quokkas
  4 ball pythons
  3 bats
  6 frilled lizards
  5 kobolds
  8 rats
61 creatures vanquished.

Notes
Turn   | Place    | Note
-------+----------+-------------------------------------------
     0 | D:1      | voltaire321 the Octopode Earth Elementalist began the quest
                  | for the Orb.
     0 | D:1      | Reached XP level 1. HP: 11/11 MP: 3/3
   144 | D:1      | Found Ysouxacw's Weapon Emporium.
   240 | D:1      | Found Riaranima's Book Boutique.
   262 | D:1      | Reached XP level 2. HP: 18/18 MP: 5/5
   290 | D:1      | Reached skill level 3 in Stealth
   498 | D:1      | Found Jinis's Book Emporium.
   681 | D:1      | Reached XP level 3. HP: 16/22 MP: 6/6
  1031 | D:2      | Reached skill level 1 in Fighting
  1203 | D:2      | Learned a level 3 spell: Passwall
  1709 | D:2      | Reached XP level 4. HP: 28/28 MP: 5/7
  1719 | D:2      | Learned a level 3 spell: Stone Arrow
  1968 | D:3      | Noticed a scorpion
  1976 | D:3      | Killed a scorpion
  1977 | D:3      | Reached skill level 1 in Conjurations
  1977 | D:3      | Reached XP level 5. HP: 18/34 MP: 0/8
  2053 | D:3      | Identified the +7 whip of Wrath {drain, Int+3}
  2209 | D:3      | You fall into a shaft and drop 3 floors!
  2215 | D:6      | Found a transporter.
  2216 | D:6      | Noticed bungle's ghost (amateur GnDe)
  2228 | D:6      | Found a transporter.
  2325 | D:6      | Reached skill level 4 in Stealth
  2325 | D:6      | Reached XP level 6. HP: 39/39 MP: 6/10
  2383 | D:6      | Found an ornate altar of the Wu Jian Council.
  2401 | D:6      | Found a burning altar of Makhleb.
  2412 | D:6      | Noticed Jeremiah
  2423 | D:6      | Killed from afar by Jeremiah

Illustrated notes

Levels and vault maps discovered:
D:1:      matt_arrival_refuge, layout_basic, serial_shops,
          nicolae_lakefront_shop, nicolae_shop_window_shopping, shop
D:2:      layout_loops_cross, kennysheep_pointless_box
D:3:      layout_basic, shapermc_ecumenical_altar_petra
D:6:      layout_basic, mainiacjoe_overflow_paths,
          nicolae_overflow_hidden_temple, gammafunk_ghost_smash, uniq_grinder,
          uniq_jeremiah

Skill      XL: |  1  2  3  4  5 |
---------------+----------------+-----
Stealth        | 3 4 |  4.2
Fighting       | 1 2 |  2.0
Alchemy        | 2 |  2.0
Conjurations   | 1 |  1.5
Dodging        | 3 |  3.1
Spellcasting   | |  2.8
Earth Magic    | |  3.8

Action                     |  1- 3 |  4- 6 || total
---------------------------+-------+-------++-------
  Melee: Dagger            |    63 |       ||    63
         Constrict         |    10 |     1 ||    11
         Tentacles         |    13 |     2 ||    15
         Punch             |     1 |       ||     1
         Whip              |       |     9 ||     9
   Cast: Sandblast         |    24 |    21 ||    45
    Use: Scroll            |       |     1 ||     1
   Stab: Sleeping          |    14 |       ||    14
 Armour: Skin              |    20 |    13 ||    33
  Dodge: Dodged            |    32 |    15 ||    47

Table legend: (Time is in decaauts)
 A = Elapsed time spent in this place.
 B = Non-inter-level travel time spent in this place.
 C = Inter-level travel time spent in this place.
 D = Time resting spent in this place.
 E = Time spent auto-exploring this place.
 F = Levels seen in this place.
 G = Mean time per level.
                   A        B        C        D        E       F      G
               +--------+--------+--------+--------+--------+-----+--------+
         Total |   2444 |   2379 |     65 |    191 |   1620 |   4 |  611.0 |
       Dungeon |   2444 |   2379 |     65 |    191 |   1620 |   4 |  611.0 |
               +--------+--------+--------+--------+--------+-----+--------+

Top non-repeatable levels by time:
     D:1: 939 daAuts
     D:2: 915 daAuts
     D:3: 372 daAuts
     D:6: 217 daAuts
